 Dungeon Crawl Stone Soup version 0.30-a0-43-gbbf338a72c (webtiles) character file.

Game seed: 14464742139943426109

1798 ytrimaz the Changer (level 9, -2/53 HPs)
             Began as an Octopode Transmuter on Aug 31, 2022.
             Was an Initiate of Ashenzari.
             Slain by a cyan ugly thing (17 damage)
             ... on level 7 of the Dungeon.
             The game lasted 00:10:02 (9505 turns).

ytrimaz the Changer (Octopode Transmuter)           Turns: 9505, Time: 00:10:03

Health: -2/53      AC:  1    Str:  9    XL:     9   Next: 9%
Magic:  18/18      EV: 28    Int: 20    God:    Ashenzari [......]
Gold:   1001       SH:  0    Dex: 12    Spells: 10/20 levels left

rFire   . . .      SeeInvis +      - Unarmed
rCold   . . .      Faith    .    (no shield)
rNeg    . . .      Spirit   .    (helmet restricted)
rPois   .          Reflect  .    m - amulet of the acrobat
rElec   .          Harm     .    i - ring of see invisible
rCorr   .          Rampage  .    w - ring of the Ruined Ordeal {Will+, Comp, Alch} (curse)
Will    +....                    (no ring)
Stlth   ++........               (no ring)
HPRegen 0.17/turn                (no ring)
MPRegen 0.16/turn                (no ring)
                                 (no ring)
                                 (no ring)

@: acrobatic
A: almost no armour, amphibious, 8 rings, camouflage 1, gelatinous body 1,
(nimble swimmer 1), tentacles
a: Renounce Religion, Shatter the Chains


You were on level 7 of the Dungeon.
You worshipped Ashenzari.
Ashenzari was noncommittal.
You visited 2 branches of the dungeon, and saw 8 of its levels.
You also visited: Sewer.

You collected 1001 gold pieces.


Innate Abilities, Weirdness & Mutations

You cannot wear most types of armour.
You are amphibious.
You can wear up to eight rings at the same time.
Your skin changes colour to match your surroundings (Stealth+).
Your rubbery body absorbs attacks. (AC +1, EV +1)
((You are camouflaged when in or above water. (Stealth+)))
You have tentacles for arms and can constrict up to eight enemies at once.


   Skills:
 - Level 1.0 Fighting
 - Level 2.0 Dodging
 - Level 4.1 Unarmed Combat
 + Level 6.4 Spellcasting
 + Level 7.1(7.5) Transmutations
 - Level 4.0 Ice Magic
 - Level 4.0(4.3) Poison Magic


You had 10 spell levels left.
You knew the following spells:

 Your Spells              Type           Power      Damage    Failure   Level
a - Beastly Appendage     Tmut           72%        N/A       1%          1
b - Wereblood             Tmut           36%        N/A       1%          2
c - Spider Form           Tmut/Pois      30%        N/A       2%          3
d - Ice Form              Ice/Tmut       29%        N/A       10%         4

Your spell library contained the following spells:

 Spells                   Type           Power      Damage    Failure   Level
 Apportation              Tloc           12%        N/A       10%         1
 Searing Ray              Conj           12%        2d4       16%         2
 Hailstorm                Conj/Ice       14%        3d5       41%         4
 Malign Gateway           Summ/Tloc      3%         N/A       100%        7

Inventory:

Missiles
 d - 68 stones {throwing}
 g - 5 silver javelins {throwing}
Magical Staves
 n - a staff of air {!astaff}
   (You found it on level 5 of the Dungeon)
 r - a staff of conjuration {!a@e2staff}
   (You found it on level 4 of the Dungeon)
Jewellery
 i - a ring of see invisible (left tentacle)
   (You found it in a sewer)
 m - an amulet of the acrobat (around mantle)
   (You found it on level 3 of the Dungeon)
 w - the cursed ring of the Ruined Ordeal (right tentacle) {Will+, Comp, Alch}
   (You found it on level 6 of the Dungeon)

   [ring of willpower]

   Will:      It increases your willpower.
   It has a curse which improves the following skills: Companions: Summonings
   and Necromancy.
   Alchemy:   Poison Magic and Transmutations.
Wands
 o - a wand of paralysis (5)
   (You found it on level 3 of the Dungeon)
 v - a wand of acid (13)
   (You found it on level 6 of the Dungeon)
 y - a wand of roots (21)
   (You found it on level 6 of the Dungeon)
Scrolls
 b - 2 scrolls of enchant weapon
 e - a scroll of immolation {!r!r}
 h - a scroll of acquirement
 j - 3 scrolls of enchant armour
 s - a scroll of blinking {unknown}
 t - a scroll of noise {!r}
 u - 3 scrolls of poison {!r}
Potions
 c - 2 potions of brilliance
 f - 2 potions of attraction {unknown}
 l - 2 potions of mutation {unknown}
 p - 2 potions of resistance
 q - a potion of flight {unknown}
 z - a potion of lignification {!q}

Dungeon Overview and Level Annotations

Branches:
Dungeon (7/15) Zot: 26556  Temple (1/1) D:4 Zot: 5521   Sewer (visited)

Altars:
Ashenzari
Cheibriados
Elyvilon
Fedhas
Hepliaklqana
Kikubaaqudgha
Makhleb
Nemelex Xobeh
Qazlal
Trog
Uskayaw
Wu Jian
Xom
Yredelemnul
Zin
The Shining One

Shops:
D:5 *

Annotations:
D:3 2 transporters
D:4 3 runed translucent doors, drugrobin's ghost, weakling DgDe; frimble's ghost, weakling DsAE; logorrheac's ghost, amateur HuCj

#...##........#.#.##
................#..#
....##[.[......#)#.##
....##.######..#.#..#
....##.# #.##.##.#
....##.### ..#.#.#..#
..####...###.##.#.##.#
..........#..#.#.#)#..
..........#.##.#@#.##..
............#.#u#.#.#..#
...........##.#.#.#.##.#
..##.####..#.#.#b#.#.#
.###.# ..##.#:#.#(#.#
.....# #########.bb##
.##... #.#.$$# ... ##
.o##Wb!# ..# ..J. .b?!#


You could see a cyan ugly thing (ally target).


Message History

You hit the ice beast but do no damage. The ice beast completely misses you.
Unknown command.
You pummel the ice beast!!
You feel a bit better.
You kill the ice beast!
Your Transmutations skill increases to level 7! 😮 HP[+2]
You regained 2 hp, and now have 33/63 hp.
You warm up again. 😮 HP[-5]
You now have 53 max hp (-10).
Unknown command. 😮 MP[+1]
You howl as the wereblood boils in your veins! 😮 HP[+1]
Your primal bloodlust is almost over.
You howl as the wereblood boils in your veins!
You howl as the wereblood boils in your veins!
Your primal bloodlust has ended.
You feel a little less mighty now.
Key pressed, stopping explore.
Key pressed, stopping explore.
Items here: )))) [ †††.
You now have 1001 gold pieces (gained 14).
Key pressed, stopping explore.
j - 3 scrolls of enchant armour (gained 1)
A cyan ugly thing and a troll come into view.
The cyan ugly thing gurgles horribly!
You hear a shout! x5
A deep elf pyromancer comes into view. It is wielding a +0 long sword.
Unknown command. 😎 HP[+24] MP[+2]
Your hp is fully restored (53).
Your mp is fully restored (18).
There are monsters nearby!
There are monsters nearby!
Unknown command.
Okay, then.
Press: ? - help, . - travel, g - get item You can't see that place. [Stash: a book of Sloth] [the floor.] Unknown command.
Unknown command.
A cyclops, a slime creature and a boulder beetle come into view.
A wraith comes into view.
You see here a scroll of acquirement.
Unknown command.
h - a scroll of acquirement The cyclops shouts!
The slime creature quivers.
You hear a shout!
An orc wizard comes into view. It is wielding a +0 dagger.
The cyan ugly thing tentacle-slaps you!
The cyan ugly thing shocks you! 😮 HP[-26]
You take 26 damage, and now have 27/53 hp.
MASSIVE DAMAGE!! (PAUSE) Unknown command.
As you read the scroll of fear, it crumbles to dust.
You assume a fearsome visage.
The cyan ugly thing looks frightened!
The orc wizard looks frightened!
The wraith is unaffected.
The cyclops looks frightened!
The deep elf pyromancer looks frightened!
The boulder beetle looks frightened!
The boulder beetle leaps!
The deep elf pyromancer casts a spell.
The deep elf pyromancer blinks!
The orc wizard gestures wildly while chanting.
The orc wizard flickers and vanishes for a moment.
The cyclops wails, "Oh dear!
Oh dear!"
Unknown command.
Unknown command.
Unknown command.
Okay, then.
Okay, then.
As you read the scroll of butterflies, it crumbles to dust.
You hear the tinkle of a tiny bell.
The wraith hits your butterfly.
Your butterfly dies!
Your butterfly disappears in a burst of colours!
Unknown command.
Unknown command.
You swap places.
An orc comes into view. It is wielding a +0 dagger.
The wraith hits your butterfly.
Your butterfly dies!
Your butterfly disappears in a burst of colours!
Unknown command.
You swap places.
The slime creature closely misses your butterfly.
The wraith hits your butterfly!
Your butterfly dies!
Your butterfly disappears in a burst of colours!
You see here 5 poisoned darts {throwing}.
The wraith hits your butterfly!
Your butterfly dies!
Your butterfly disappears in a burst of colours! 😮 HP[+1]
The wraith closely misses your butterfly.
The cyan ugly thing attacks as you move away!
The cyan ugly thing tentacle-slaps you!
* * * LOW HITPOINT WARNING * * *
The cyan ugly thing shocks you!
You die...

Skill      XL: |  1  2  3  4  5  6  7  8  9 |
---------------+----------------------------+-----
Unarmed Combat | 4 |  4.1
Poison Magic   | 1 3 4 |  4.0
Transmutations | 3 4 6 7 |  7.1
Spellcasting   | 3 4 6 |  6.4
Ice Magic      | 2 4 |  4.0
Fighting       | |  1.0
Dodging        | |  2.0

Action                   |  1- 3 |  4- 6 |  7- 9 || total
-------------------------+-------+-------+-------++-------
Melee: Unarmed           |    87 |   106 |   183 ||   376
       Constrict         |    21 |     8 |     4 ||    33
       Tentacles         |    14 |    12 |     5 ||    31
       Punch             |     4 |     2 |     1 ||     7
       Kick              |     8 |     1 |       ||     9
 Cast: Beastly Appendage |    13 |     2 |       ||    15
       Spider Form       |     1 |     8 |     7 ||    16
       Ice Form          |       |     1 |    10 ||    11
       Wereblood         |       |     1 |     3 ||     4
Invok: Curse Item        |       |       |     1 ||     1
  Use: Scroll            |     4 |     9 |     6 ||    19
       Potion            |       |     2 |     6 ||     8
 Stab: Sleeping          |     9 |     4 |     1 ||    14
Armor: Skin              |    11 |    16 |    37 ||    64
Dodge: Dodged            |    37 |    97 |   111 ||   245

Levels and vault maps discovered:
D:1:      wander_arrival_chamber, layout_basic, serial_bayou_lagoon_a
D:2:      layout_basic, shapermc_ecumenical_altar_mp_urbaneastern
D:3:      gammafunk_wand_slinger, layout_basic, gup_sewer_entry_bowl,
          chequers_serial_rivers_micro_e
D:4:      minmay_evil_eye, layout_basic, grunt_qazlal_sundering,
          minmay_temple_entry_stoned_glass, gammafunk_ghost_cemetery,
          hex_intersection
D:5:      layout_rooms, bloody_trog, kennysheep_cross_bottleneck,
          nicolae_elemental_shop, grunt_ministairs_7
D:6:      layout_basic, serial_bayou_ford_a
D:7:      minmay_the_grid_four_pointed_star
          [minmay_the_grid_triangle_9x9_from_above,
          minmay_the_grid_triangle_9x9_corrupted_corridor,
          minmay_the_grid_triangle_9x9_shrine,
          minmay_the_grid_triangle_9x9_stretched_checkered,
          minmay_the_grid_prize_big_room], layout_basic, old_standard_altar,
          serial_aquarium, aquarium_bridge_square [aquarium_subvault_bridge,
          aquarium_subvault_window, aquarium_subvault_wall,
          aquarium_subvault_wall], aquarium_bridge_straight
          [aquarium_subvault_bridge, aquarium_subvault_wall,
          aquarium_subvault_bridge, aquarium_subvault_window],
          aquarium_window_1, aquarium_window_fake, aquarium_view_2b,
          aquarium_pool_double, serial_shops, nicolae_shop_statue_plus,
          uniq_joseph
Temple:   eino_temple_water

Notes
Turn   | Place    | Note
-------+----------+-------------------------------------------
     0 | D:1      | ytrimaz the Octopode Transmuter began the quest for the
                  | Orb.
     0 | D:1      | Reached XP level 1. HP: 13/13 MP: 3/3
     0 | D:1      | magus.rc [v1.9.6]
    39 | D:1      | You add the spells Apportation, Searing Ray, Hailstorm and
                  | Malign Gateway to your library.
    39 | D:1      | Got Hawnamusch's Discursus on Blasting and the Tesseract
   518 | D:1      | Reached XP level 2. HP: 17/18 MP: 5/5
  1186 | D:1      | Reached skill level 4 in Unarmed Combat
  1455 | D:1      | Reached XP level 3. HP: 23/23 MP: 6/6
  1458 | D:1      | Learned a level 2 spell: Wereblood
  1462 | D:1      | Learned a level 3 spell: Spider Form
  2253 | D:2      | Reached skill level 1 in Poison Magic
  2442 | D:2      | Found a faded altar of an unknown god.
  2643 | D:3      | Found a transporter.
  2663 | D:3      | Found a transporter.
  2699 | D:3      | Found a glowing drain.
  2703 | Sewer    | Entered a sewer
  2889 | Sewer    | Reached XP level 4. HP: 21/28 MP: 7/7
  3037 | Sewer    | Reached skill level 2 in Poison Magic
  3049 | Sewer    | Noticed Pargi
  3059 | Sewer    | HP: 6/28 [Pargi (3)]
  3063 | Sewer    | Killed Pargi
  3064 | Sewer    | Reached skill level 3 in Poison Magic
  3064 | Sewer    | Reached XP level 5. HP: 26/33 MP: 2/9
  3463 | D:3      | Reached skill level 3 in Transmutations
  4102 | D:3      | Reached skill level 4 in Poison Magic
  4102 | D:3      | Reached XP level 6. HP: 34/38 MP: 6/10
  4475 | D:4      | Found a runed translucent gate.
  4476 | D:4      | Found a runed translucent gate.
  4477 | D:4      | Found a runed translucent gate.
  4477 | D:4      | Noticed frimble's ghost (weakling DsAE)
  4477 | D:4      | Noticed drugrobin's ghost (weakling DgDe)
  4478 | D:4      | Noticed logorrheac's ghost (amateur HuCj)
  4488 | D:4      | Found a staircase to the Ecumenical Temple.
  4498 | Temple   | Entered the Ecumenical Temple
  4965 | Temple   | Became a worshipper of Ashenzari the Shackled
  4985 | D:4      | Found a stormy altar of Qazlal.
  5088 | D:4      | Learned a level 4 spell: Ice Form
  5140 | D:4      | Noticed an acid dragon
  5404 | D:4      | Reached skill level 3 in Spellcasting
  5517 | D:4      | Reached skill level 1 in Ice Magic
  5577 | D:4      | Killed an acid dragon
  5578 | D:4      | Reached skill level 2 in Ice Magic
  6133 | D:4      | Identified a scroll of acquirement
  6170 | D:5      | Entered Level 5 of the Dungeon
  6343 | D:5      | Reached XP level 7. HP: 30/43 MP: 8/12
  6672 | D:5      | Found Voucox's Elemental Accessories.
  6693 | D:5      | Reached skill level 4 in Transmutations
  6693 | D:5      | Reached skill level 3 in Ice Magic
  6698 | D:5      | HP: 12/51 [gnoll/+0 club (1)]
  7178 | D:5      | Found a bloodstained altar of Trog.
  7434 | D:5      | Reached skill level 4 in Spellcasting
  7624 | D:5      | Reached skill level 4 in Ice Magic
  7879 | D:6      | Reached XP level 8. HP: 38/48 MP: 10/14
  8011 | D:6      | Reached skill level 5 in Transmutations
  8570 | D:6      | Acquired 654 gold pieces
  8753 | D:6      | Reached skill level 5 in Spellcasting
  9118 | D:7      | Reached skill level 6 in Transmutations
  9311 | D:7      | HP: 14/57 [poisoned by a water moccasin]
  9316 | D:7      | Reached skill level 6 in Spellcasting
  9320 | D:7      | Reached XP level 9. HP: 28/53 MP: 13/18
  9334 | D:7      | Reached skill level 7 in Transmutations
  9494 | D:7      | Noticed a cyan ugly thing
  9494 | D:7      | Noticed a troll
  9494 | D:7      | Noticed a deep elf pyromancer
  9495 | D:7      | Noticed a cyclops
  9495 | D:7      | Noticed a boulder beetle
  9505 | D:7      | Slain by a cyan ugly thing

Vanquished Creatures
  A water moccasin (D:7)
  An acid dragon (D:4)
  Pargi (Sewer)
  3 ice beasts
  A black bear (D:7)
  2 sky beasts
  A centaur (D:5)
  A phantom (D:7)
  A bullfrog (D:6)
  A necrophage (D:6)
  A scorpion (D:5)
  A hound (D:6)
  A jelly (D:7)
  4 orc priests
  2 iguanas
  6 orc wizards
  3 gnolls (D:5)
  8 adders
  3 shadow imps
  3 white imps
  2 worms (D:3)
  2 dart slugs
  18 orcs
  11 bats
  2 endoplasms
  4 giant cockroaches
  7 goblins
  4 hobgoblins
  8 kobolds
  7 quokkas
  3 ball pythons
  2 frilled lizards
  5 rats
120 creatures vanquished.

Vanquished Creatures (others)
  5 fungi (D:2)
  12 plants
  4 withered plants (D:4)
21 creatures vanquished.

Grand Total: 141 creatures vanquished

Table legend:
 A = Non-vault XP
 B = Vault XP
 C = Vault XP percentage of total XP
 D = Non-vault monster count
 E = Vault monster count
 F = Vault count percentage of total count
                 A         B        C        D         E       F
            +---------+---------+-------+---------+---------+-------
      Total |    1975 |     594 |  23.1 |     100 |      20 |  16.7
            +---------+---------+-------+---------+---------+-------
        D:1 |      34 |       0 |   0.0 |      18 |       0 |   0.0
        D:2 |      37 |       0 |   0.0 |      17 |       0 |   0.0
        D:3 |      93 |       8 |   7.9 |      16 |       4 |  20.0
        D:4 |     241 |      13 |   5.1 |       8 |       6 |  42.9
        D:5 |     427 |     121 |  22.1 |      15 |       2 |  11.8
        D:6 |     582 |       0 |   0.0 |      13 |       0 |   0.0
        D:7 |     561 |     297 |  34.6 |      13 |       3 |  18.8
      Sewer |       0 |     155 | 100.0 |       0 |       5 | 100.0
            +---------+---------+-------+---------+---------+-------

Illustrated notes

Table legend:
 A = Kills in this place as a percentage of kills in entire the game.
 B = Kills by you in this place as a percentage of kills by you in the entire game.
 C = Kills by friends in this place as a percentage of kills by friends in the entire game.
 D = Other kills in this place as a percentage of other kills in the entire game.
 E = Experience gained in this place as a percentage of experience gained in the entire game.
 F = Experience gained in this place divided by the number of levels of this place that you have seen.
                   A       B       C       D       E      F
               +-------+-------+-------+-------+-------+----------------------
         Total | 100.0 | 100.0 |   N/A |   N/A | 100.0 | 285.4
       Dungeon |  95.8 |  95.8 |   N/A |   N/A |  94.0 | 344.9
         Sewer |   4.2 |   4.2 |   N/A |   N/A |   6.0 | 155.0
               +-------+-------+-------+-------+-------+----------------------

Table legend: (Time is in decaauts)
 A = Elapsed time spent in this place.
 B = Non-inter-level travel time spent in this place.
 C = Inter-level travel time spent in this place.
 D = Time resting spent in this place.
 E = Time spent auto-exploring this place.
 F = Levels seen in this place.
 G = Mean time per level.
                   A        B        C        D        E       F      G
               +--------+--------+--------+--------+--------+-----+--------+
         Total |   9475 |   9147 |    328 |    765 |   7269 |   9 | 1052.8 |
       Dungeon |   8519 |   8217 |    302 |    642 |   6552 |   7 | 1217.0 |
        Temple |    478 |    452 |     26 |      0 |    439 |   1 |  478.0 |
         Sewer |    477 |    477 |      0 |    123 |    278 |   1 |  477.0 |
               +--------+--------+--------+--------+--------+-----+--------+

Top non-repeatable levels by time:
     D:1: 1579 daAuts
     D:5: 1469 daAuts
     D:4: 1444 daAuts
     D:3: 1357 daAuts
     D:6: 1179 daAuts
     D:2: 1046 daAuts
  Temple: 478 daAuts
   Sewer: 477 daAuts
     D:7: 443 daAuts
